SL
NEW AMSTERDAM REPUBLICS @ ATLANTA SMOKE
07/20/2017
 
TOP OF THE 1ST
New Amsterdam Republics batting - Pitching for Atlanta Smoke : RHP Adrián Fierro
Pitching: RHP Adrián Fierro
Batting: RHB José Ramírez 0-0: Called Strike
0-1: Called Strike
0-2: Fly out, F9 (Line Drive, 9S)
Batting: RHB Pedro Cruz 0-0: Foul Ball, location: 2F
0-1: Called Strike
0-2: Fly out, F7 (Flyball, 78M)
Batting: RHB Porter Martínez 0-0: Ball
1-0: Ball
2-0: Fly out, F7 (Flyball, 78M)
Top of the 1st over - 0 run(s), 0 hit(s), 0 error(s), 0 left on base; New Amsterdam 0 - Atlanta 0
BOTTOM OF THE 1ST
Atlanta Smoke batting - Pitching for New Amsterdam Republics : LHP Jeff Hale
Pitching: LHP Jeff Hale
Batting: RHB Florian Cesaresco 0-0: Ball
1-0: Called Strike
1-1: Foul Ball, location: 2F
1-2: Ball
2-2: Ball
3-2: Foul Ball, location: 2F
3-2: Ground out 1-3 (Groundball, 15)
Batting: RHB Juan Orozco 0-0: Foul Ball, location: 2F
0-1: Fly out, F7 (Flyball, 7M)
Batting: RHB Dave King 0-0: Foul Ball, location: 2F
0-1: SINGLE (Line Drive, 89S)
Batting: SHB Arturo Hernández 0-0: Ball
1-0: Ball
2-0: Ball
3-0: Base on Balls
Dave King to second
Batting: RHB Zach King 0-0: Swinging Strike
0-1: Ball
1-1: Ball
2-1: Foul Ball, location: 2F
2-2: Ball
3-2: Foul Ball, location: 2F
3-2: Strikes out swinging
Bottom of the 1st over - 0 run(s), 1 hit(s), 0 error(s), 2 left on base; New Amsterdam 0 - Atlanta 0
TOP OF THE 2ND
New Amsterdam Republics batting - Pitching for Atlanta Smoke : RHP Adrián Fierro
Batting: LHB Steve Ingram 0-0: Called Strike
0-1: Foul Ball, location: 2F
0-2: Ball
1-2: Foul Ball, location: 2F
1-2: Fly out, F8 (Flyball, 8LXD)
Batting: RHB Christian O'Neal 0-0: Called Strike
0-1: Ball
1-1: Ball
2-1: Foul Ball, location: 2F
2-2: Ball
3-2: Fly out, F8 (Flyball, 8LD)
Batting: RHB Noel Livingston 0-0: Fly out, F8 (Popup, 8RS)
Top of the 2nd over - 0 run(s), 0 hit(s), 0 error(s), 0 left on base; New Amsterdam 0 - Atlanta 0
BOTTOM OF THE 2ND
Atlanta Smoke batting - Pitching for New Amsterdam Republics : LHP Jeff Hale
Batting: RHB José Lozano 0-0: Called Strike
0-1: Fly out, F8 (Line Drive, 8LM)
Batting: LHB Thomas Kemp 0-0: Ball
1-0: Ball
2-0: Ball
3-0: Called Strike
3-1: Ground out 6-3 (Groundball, 6)
Batting: SHB Curt Bryant 0-0: Ball
1-0: Called Strike
1-1: Swinging Strike
1-2: Foul Ball, location: 2F
1-2: Strikes out looking
Bottom of the 2nd over - 0 run(s), 0 hit(s), 0 error(s), 0 left on base; New Amsterdam 0 - Atlanta 0
TOP OF THE 3RD
New Amsterdam Republics batting - Pitching for Atlanta Smoke : RHP Adrián Fierro
Batting: RHB Ronald Shelton 0-0: Ball
1-0: Called Strike
1-1: Ball
2-1: SINGLE (Line Drive, 78M)
Batting: RHB Matt Terry 0-0: SINGLE (Groundball, 56)
Ronald Shelton to second
Batting: RHB Jeff Hale Balk!
Ronald Shelton to third
Matt Terry to second
0-0: Ball
1-0: Called Strike
1-1: Ball
2-1: Swinging Strike
2-2: Ball
3-2: Foul Ball, location: 2F
3-2: SINGLE (Line Drive, 8RS)
Ronald Shelton scores
Matt Terry to third
Batting: RHB José Ramírez 0-0: Fly out, F8 (Flyball, 8RD)
Runner from 3rd tags up, SCORES, no throw
Batting: RHB Pedro Cruz 0-0: Grounds into double play, 6-4-3 (Groundball, 6)
Top of the 3rd over - 2 run(s), 3 hit(s), 0 error(s), 0 left on base; New Amsterdam 2 - Atlanta 0
BOTTOM OF THE 3RD
Atlanta Smoke batting - Pitching for New Amsterdam Republics : LHP Jeff Hale
Batting: RHB Adrián Fierro 0-0: Foul Ball, location: 2F
0-1: Ball
1-1: Foul Ball, location: 2F
1-2: Ball
2-2: SINGLE (Groundball, 56D)
Batting: RHB Florian Cesaresco 0-0: Ball
1-0: Ball
2-0: Ball
3-0: Base on Balls
Adrián Fierro to second
Batting: RHB Juan Orozco 0-0: Ball
1-0: SINGLE (Groundball, 6M)
Adrián Fierro to third
Florian Cesaresco to second
Batting: RHB Dave King 0-0: Foul Ball, location: 2F
0-1: Ground out 5-3 (Groundball, 56S)
Adrián Fierro scores
Florian Cesaresco to third
Juan Orozco to second
Batting: SHB Arturo Hernández 0-0: Called Strike
0-1: Ball
Wild Pitch!
Florian Cesaresco scores
Juan Orozco to third
1-1: Ball
2-1: Ball
3-1: Base on Balls
Batting: RHB Zach King 0-0: Ball
1-0: Swinging Strike
1-1: Ball
2-1: Fly out, F8 (Flyball, 8LD)
Runner from 3rd tags up, SCORES, no throw
Batting: RHB José Lozano 0-0: Ball
1-0: Ball
2-0: Fly out, F9 (Flyball, 89S)
Bottom of the 3rd over - 3 run(s), 2 hit(s), 0 error(s), 1 left on base; New Amsterdam 2 - Atlanta 3
TOP OF THE 4TH
New Amsterdam Republics batting - Pitching for Atlanta Smoke : RHP Adrián Fierro
Batting: RHB Porter Martínez 0-0: Fly out, F4 (Popup, 6MD)
Batting: LHB Steve Ingram 0-0: Ball
1-0: Called Strike
1-1: Swinging Strike
1-2: Ball
2-2: Foul Ball, location: 2F
2-2: Strikes out looking
Batting: RHB Christian O'Neal 0-0: Called Strike
0-1: Ball
1-1: Swinging Strike
1-2: Ball
2-2: Strikes out swinging
Top of the 4th over - 0 run(s), 0 hit(s), 0 error(s), 0 left on base; New Amsterdam 2 - Atlanta 3
BOTTOM OF THE 4TH
Atlanta Smoke batting - Pitching for New Amsterdam Republics : LHP Jeff Hale
Batting: LHB Thomas Kemp 0-0: Ground out 5-3 (Groundball, 56S)
Batting: SHB Curt Bryant 0-0: Ball
1-0: Foul Ball, location: 2F
1-1: Ball
2-1: Ball
3-1: Ground out 4-3 (Groundball, 4M)
Batting: RHB Adrián Fierro 0-0: Foul Ball, location: 2F
0-1: Swinging Strike
0-2: Foul Ball, location: 2F
0-2: Strikes out swinging
Bottom of the 4th over - 0 run(s), 0 hit(s), 0 error(s), 0 left on base; New Amsterdam 2 - Atlanta 3
TOP OF THE 5TH
New Amsterdam Republics batting - Pitching for Atlanta Smoke : RHP Adrián Fierro
Batting: RHB Noel Livingston 0-0: Ground out 5-3 (Groundball, 5L)
Batting: RHB Ronald Shelton 0-0: SOLO HOME RUN (Flyball, 7D), Distance : 390 ft
Batting: RHB Matt Terry 0-0: Ball
1-0: Foul Ball, location: 2F
1-1: Called Strike
1-2: Ground out 4-3 (Groundball, 4)
Batting: RHB Jeff Hale 0-0: Fly out, F6 (Popup, 5)
Top of the 5th over - 1 run(s), 1 hit(s), 0 error(s), 0 left on base; New Amsterdam 3 - Atlanta 3
BOTTOM OF THE 5TH
Atlanta Smoke batting - Pitching for New Amsterdam Republics : LHP Jeff Hale
Batting: RHB Florian Cesaresco 0-0: Ball
1-0: Foul Ball, location: 2F
1-1: Foul Ball, location: 2F
1-2: Strikes out swinging
Batting: RHB Juan Orozco 0-0: Foul Ball, location: 2F
0-1: Fly out, F7 (Flyball, 7M)
Batting: RHB Dave King 0-0: Foul Ball, location: 2F
0-1: Ball
1-1: Foul Ball, location: 2F
1-2: Ball
2-2: Foul Ball, location: 2F
2-2: Ball
3-2: Foul Ball, location: 2F
3-2: Foul Ball, location: 2F
3-2: Foul Ball, location: 2F
3-2: Strikes out swinging
Bottom of the 5th over - 0 run(s), 0 hit(s), 0 error(s), 0 left on base; New Amsterdam 3 - Atlanta 3
TOP OF THE 6TH
New Amsterdam Republics batting - Pitching for Atlanta Smoke : RHP Adrián Fierro
Batting: RHB José Ramírez 0-0: Ground out 5-3 (Groundball, 5)
Batting: RHB Pedro Cruz 0-0: Ground out 5-3 (Groundball, 5)
Batting: RHB Porter Martínez 0-0: Swinging Strike
0-1: Foul Ball, location: 2F
0-2: Fly out, F8 (Flyball, 8RM)
Top of the 6th over - 0 run(s), 0 hit(s), 0 error(s), 0 left on base; New Amsterdam 3 - Atlanta 3
BOTTOM OF THE 6TH
Atlanta Smoke batting - Pitching for New Amsterdam Republics : LHP Jeff Hale
Batting: SHB Arturo Hernández 0-0: Ball
1-0: Ball
2-0: Called Strike
2-1: Ball
3-1: SINGLE (Line Drive, 7LS)
Batting: RHB Zach King 0-0: Called Strike
0-1: Ball
Wild Pitch!
Arturo Hernández to second
1-1: Swinging Strike
1-2: Ball
2-2: Ball
3-2: Strikes out looking
Batting: RHB José Lozano 0-0: Called Strike
0-1: Fly out, F9 (Popup, 34D)
Batting: LHB Thomas Kemp 0-0: Called Strike
0-1: Ball
1-1: Ball
2-1: SINGLE (Line Drive, 78S)
Arturo Hernández to third
Runner from 3rd tries for Home, SAFE, no throw or cutoff
Batting: SHB Curt Bryant 0-0: Called Strike
0-1: SINGLE (Line Drive, 8LS)
Thomas Kemp to second
Batting: RHB Adrián Fierro 0-0: Ball
1-0: Called Strike
1-1: Called Strike
1-2: Strikes out swinging
Bottom of the 6th over - 1 run(s), 3 hit(s), 0 error(s), 2 left on base; New Amsterdam 3 - Atlanta 4
TOP OF THE 7TH
New Amsterdam Republics batting - Pitching for Atlanta Smoke : RHP Adrián Fierro
Batting: LHB Steve Ingram 0-0: Ball
1-0: SOLO HOME RUN (Flyball, 9D), Distance : 408 ft
Batting: RHB Christian O'Neal 0-0: Ball
1-0: Ball
2-0: Ball
3-0: Base on Balls
Batting: RHB Noel Livingston 0-0: Called Strike
0-1: Swinging Strike
0-2: Ball
1-2: Ball
2-2: Fly out, F3 (Popup, 23F)
Batting: RHB Ronald Shelton 0-0: Ball
1-0: SINGLE (Line Drive, 6D)
Christian O'Neal to second
Batting: RHB Matt Terry 0-0: Called Strike
0-1: Ball
1-1: Swinging Strike
1-2: Ground out 5-3 (Groundball, 5S)
Christian O'Neal to third
Ronald Shelton to second
Pinch Hitting: RHB Lawrence Bell 0-0: Ball
1-0: Ball
2-0: SINGLE (Line Drive, 89M)
Christian O'Neal scores
Ronald Shelton to third
Throwing error, E9
Ronald Shelton scores
Lawrence Bell to second
Batting: RHB José Ramírez 0-0: Called Strike
0-1: Ball
1-1: Ball
2-1: SINGLE (Line Drive, 8LS)
Lawrence Bell to third
Batting: RHB Pedro Cruz 0-0: Ball
1-0: Ball
2-0: Fly out, F7 (Flyball, 7LM)
Top of the 7th over - 3 run(s), 4 hit(s), 1 error(s), 2 left on base; New Amsterdam 6 - Atlanta 4
BOTTOM OF THE 7TH
Atlanta Smoke batting - Pitching for New Amsterdam Republics : LHP Jeff Hale
Pitching: RHP Miguel Meza
Batting: RHB Florian Cesaresco 0-0: Called Strike
0-1: Foul Ball, location: 2F
0-2: Foul Ball, location: 2F
0-2: Ball
1-2: Strikes out looking
Batting: RHB Juan Orozco 0-0: Called Strike
0-1: Ball
1-1: Foul Ball, location: 2F
1-2: Ball
2-2: Ground out 1-3 (Groundball, 15)
Batting: RHB Dave King 0-0: Ball
1-0: Ground out 5-3 (Groundball, 5S)
Bottom of the 7th over - 0 run(s), 0 hit(s), 0 error(s), 0 left on base; New Amsterdam 6 - Atlanta 4
TOP OF THE 8TH
New Amsterdam Republics batting - Pitching for Atlanta Smoke : RHP Adrián Fierro
Batting: RHB Porter Martínez 0-0: Called Strike
0-1: Ball
1-1: Swinging Strike
1-2: Strikes out swinging
Batting: LHB Steve Ingram 0-0: Called Strike
0-1: Fly out, F6 (Line Drive, 6D)
Batting: RHB Christian O'Neal 0-0: Ball
1-0: Fly out, F7 (Flyball, 78D)
Top of the 8th over - 0 run(s), 0 hit(s), 0 error(s), 0 left on base; New Amsterdam 6 - Atlanta 4
BOTTOM OF THE 8TH
Atlanta Smoke batting - Pitching for New Amsterdam Republics : RHP Miguel Meza
Now in LF: Daniel Clark
Now in RF: Doug Reed
Batting: SHB Arturo Hernández 0-0: Ball
1-0: Foul Ball, location: 2F
1-1: Called Strike
1-2: Strikes out swinging
Batting: RHB Zach King 0-0: Ball
1-0: Ball
2-0: Swinging Strike
2-1: Called Strike
2-2: Foul Ball, location: 2F
2-2: Foul Ball, location: 2F
2-2: Ball
3-2: Strikes out swinging
Batting: RHB José Lozano 0-0: Ball
1-0: Called Strike
1-1: Ground out 6-3 (Groundball, 6)
Bottom of the 8th over - 0 run(s), 0 hit(s), 0 error(s), 0 left on base; New Amsterdam 6 - Atlanta 4
TOP OF THE 9TH
New Amsterdam Republics batting - Pitching for Atlanta Smoke : RHP Adrián Fierro
Pitching: RHP Ramiro Lara
Now at C: Dustin Tucker
Batting: RHB Noel Livingston 0-0: Ball
1-0: Ball
2-0: Called Strike
2-1: Ball
3-1: SOLO HOME RUN (Flyball, 78XD), Distance : 433 ft
Batting: RHB Ronald Shelton 0-0: Foul Ball, location: 2F
0-1: Ball
1-1: Foul Ball, location: 2F
1-2: DOUBLE (Popup, 8LS)
Batting: RHB Matt Terry 0-0: Called Strike
0-1: Swinging Strike
0-2: Strikes out swinging
Pinch Hitting: RHB Rich Norman 0-0: Called Strike
0-1: Ball
1-1: Ball
2-1: Foul Ball, location: 2F
2-2: Foul Ball, location: 2F
2-2: DOUBLE (Groundball, 5L)
Ronald Shelton scores
Batting: RHB José Ramírez 0-0: Called Strike
0-1: Ball
1-1: SINGLE (Line Drive, 4MD)
Rich Norman to third
Runner from 3rd tries for Home, SAFE, throw made home
José Ramírez to second
Pitching: RHP Mike Farrell
Batting: RHB Pedro Cruz 0-0: Called Strike
0-1: Called Strike
0-2: Fly out, F8 (Flyball, 8RM)
Batting: RHB Porter Martínez 0-0: Ball
1-0: Ball
2-0: Called Strike
2-1: Foul Ball, location: 2F
2-2: Ball
3-2: DOUBLE (Groundball, 5L)
José Ramírez scores
Batting: RHB Doug Reed 0-0: Called Strike
0-1: Ball
1-1: Ball
2-1: Foul Ball, location: 2F
2-2: Ground out 6-3 (Groundball, 6)
Top of the 9th over - 4 run(s), 5 hit(s), 0 error(s), 1 left on base; New Amsterdam 10 - Atlanta 4
BOTTOM OF THE 9TH
Atlanta Smoke batting - Pitching for New Amsterdam Republics : RHP Miguel Meza
Pitching: RHP Pablo Solano
Batting: LHB Thomas Kemp 0-0: Called Strike
0-1: Ground out U3 (Groundball, 3)
Batting: SHB Curt Bryant 0-0: Ball
1-0: Ball
2-0: Fly out, F8 (Flyball, 8RS)
Batting: SHB Dustin Tucker 0-0: Ball
1-0: Ball
2-0: Ball
3-0: Called Strike
3-1: Called Strike
3-2: Strikes out looking
Bottom of the 9th over - 0 run(s), 0 hit(s), 0 error(s), 0 left on base; New Amsterdam 10 - Atlanta 4
This league is powered by Out of the Park Baseball, the baseball management simulation game for PC, Mac and Linux
Saturday, February 27th, 2021 - OOTP Baseball 15.6 Build 34